 Dungeon Crawl Stone Soup version 0.30.0-19-g36f170ea60 (webtiles) character file.

Game seed: 18217404515472992461

600 Irreverend the Cudgeller (level 7, 0/55 HPs)
             Began as a Demonspawn Berserker on May 29, 2023.
             Was a Priest of Trog.
             Slain by a scorpion (6 damage)
             ... on level 5 of the Dungeon.
             The game lasted 00:05:30 (4327 turns).

Irreverend the Cudgeller (Demonspawn Berserker)     Turns: 4327, Time: 00:05:31

Health: 0/55       AC: 14    Str: 19    XL:     7   Next: 18%
Magic:  7/7        EV:  9    Int:  8    God:    Trog [***...]
Gold:   140        SH:  4    Dex: 15    Spells: 6/6 levels left

rFire   . . .        t - +0 whip
rCold   . . .        (no shield)
rNeg    . . .        l - +0 chain mail
rPois   .            (no helmet)
rElec   .            g - +0 cloak
rCorr   .            (no gloves)
SInv    .            (no boots)
Will    ++...        (no amulet) Stlth
                     (no ring)
HPRegen 1.29/turn    (no ring)
MPRegen 0.10/turn

%: no passive effects
@: lethally poisoned (0 -> 0), strong-willed, regenerating
A: thin skeletal structure 1, foul stench 1, icemail 1, condensation shield
a: Renounce Religion, Berserk, Trog's Hand


You were on level 5 of the Dungeon.
You worshipped Trog.
Trog was most pleased with you.
You visited 1 branch of the dungeon, and saw 5 of its levels.

You collected 140 gold pieces.

Inventory:

Hand Weapons
 a - a +0 mace
 t - a +0 whip (weapon)
Missiles
 u - 2 throwing nets (quivered)
Armour
 g - a +0 cloak (worn)
 l - a +0 chain mail (worn)
Wands
 b - a wand of paralysis (9)
Scrolls
 e - a scroll of poison {unknown}
 i - a scroll of magic mapping {unknown}
 j - a scroll of teleportation {unknown}
 k - 7 scrolls of identify {unknown}
 m - a scroll of silence {unknown}
 o - a scroll of immolation {unknown}
 p - a scroll of enchant weapon {unknown}
 r - a scroll of torment {unknown}
 s - 2 scrolls of noise {unknown}
Potions
 c - 2 potions of mutation {unknown}
 d - 6 potions of curing
 f - a potion of might {unknown}
 h - a potion of resistance {unknown}
 n - a potion of degeneration {unknown}
 q - 2 potions of brilliance {unknown}
 v - 2 potions of attraction {unknown}


   Skills:
 + Level 4.5 Fighting
 * Level 5.2 Maces & Flails
 + Level 3.4 Armour
 + Level 3.5 Dodging


You had 6 spell levels left.
You didn't know any spells.
Your spell library was empty.

Dungeon Overview and Level Annotations

Branches:
Dungeon (5/15)
 Temple: D:4-7

Altars:
Dithmenos
Fedhas
Hepliaklqana
Qazlal
Sif Muna
Trog
Wu Jian
Xom
Yredelemnul

Shops:
D:4 *


Innate Abilities, Weirdness & Mutations

You have a somewhat thin skeletal structure. (Dex +2, Stealth+)
You may rarely emit foul miasma when damaged in melee.
A meltable icy envelope protects you from harm. (AC +4)
A meltable shield of frost defends you. (SH +4)


Message History

You feel sick.
The scorpion stings you but does no damage.
You whack the scorpion!
The scorpion is heavily wounded.
You feel sick. The scorpion closely misses you.
You hit the scorpion.
The scorpion is heavily wounded.
You feel sick.
The scorpion stings you but does no damage.
You hit the scorpion but do no damage.
The scorpion is heavily wounded.
You feel sick. The scorpion stings you.
You are more poisoned.
The scorpion poisons you!
You closely miss the scorpion.
The scorpion is heavily wounded.
You feel very sick. The scorpion barely misses you.
You closely miss the scorpion.
The scorpion is heavily wounded.
You feel sick. You block the scorpion's attack.
You hit the scorpion.
The scorpion is heavily wounded.
You feel sick.
The scorpion stings you but does no damage.
You hit the scorpion but do no damage.
The scorpion is heavily wounded.
You feel sick. The scorpion barely misses you.
You hit the scorpion.
The scorpion is severely wounded.
You feel sick. The scorpion stings you.
* * * LOW HITPOINT WARNING * * *
You barely miss the scorpion.
The scorpion is severely wounded.
You feel sick.
The scorpion stings you but does no damage.
You barely miss the scorpion.
The scorpion is severely wounded.
You feel sick. The scorpion stings you.
You die...

#......#
#[.....##########
#...............#
#...............#
#...............#
#...............#
#......##.......#
#####'###)).....#
#....@.##.).....#
+....s.#........#
#......#........#
#......#........#
#..<...#........#
#########.......#
#.......#
........#.......#
........#.......#


You could see a scorpion.

Vanquished Creatures
  An ogre (D:4)
  A howler monkey (D:4)
  A hound (D:5)
  3 orc priests
  A sleepcap (D:4)
  A gnoll bouda (D:4)
  An iguana (D:5)
  2 orc wizards (D:3)
  5 gnolls (D:4)
  4 adders
  2 ufetubi
  3 worms
  2 dart slugs
  18 orcs
  6 endoplasms
  5 giant cockroaches
  13 goblins
  8 hobgoblins
  6 jackals
  6 kobolds
  3 quokkas
  8 ball pythons
  7 bats
  7 frilled lizards
  5 rats
119 creatures vanquished.

Notes
Turn   | Place    | Note
-------+----------+-------------------------------------------
     0 | D:1      | Irreverend the Demonspawn Berserker began the quest for the
                  | Orb.
     0 | D:1      | Reached XP level 1. HP: 18/18 MP: 1/1
   183 | D:1      | Gained mutation: You may rarely emit foul miasma when
                  | damaged in melee. [demonic ancestry]
   183 | D:1      | Reached XP level 2. HP: 11/24 MP: 2/2
   325 | D:1      | Reached skill level 3 in Maces & Flails
   639 | D:1      | Reached ** piety under Trog
   965 | D:2      | Gained mutation: You have a somewhat thin skeletal
                  | structure. (Dex +2, Stealth+) [demonic ancestry]
   965 | D:2      | Reached XP level 3. HP: 18/29 MP: 3/3
  1836 | D:2      | Reached XP level 4. HP: 35/35 MP: 4/4
  2197 | D:3      | Found a shadowy altar of Dithmenos.
  2198 | D:3      | Found a basalt altar of Yredelemnul.
  2201 | D:3      | Found a hazy altar of Hepliaklqana.
  2218 | D:3      | Found a shimmering altar of Xom.
  2221 | D:3      | Found a blossoming altar of Fedhas.
  2223 | D:3      | Found a shimmering blue altar of Sif Muna.
  2226 | D:3      | Found a stormy altar of Qazlal.
  2230 | D:3      | Found an ornate altar of the Wu Jian Council.
  2231 | D:3      | Found a bloodstained altar of Trog.
  2505 | D:3      | Reached skill level 4 in Maces & Flails
  2505 | D:3      | Reached XP level 5. HP: 42/42 MP: 5/5
  2516 | D:3      | Reached *** piety under Trog
  2900 | D:4      | Gained mutation: A meltable shield of frost defends you.
                  | (SH +4) [demonic ancestry]
  2900 | D:4      | Reached XP level 6. HP: 34/48 MP: 6/6
  3189 | D:4      | Found Notus's Overcharged Wands.
  3745 | D:4      | Reached skill level 5 in Maces & Flails
  3745 | D:4      | Gained mutation: A meltable icy envelope protects you from
                  | harm. (AC +4) [demonic ancestry]
  3745 | D:4      | Reached XP level 7. HP: 55/55 MP: 7/7
  3806 | D:4      | You fall into a shaft and drop 1 floor!
  3806 | D:5      | Entered Level 5 of the Dungeon
  4327 | D:5      | Slain by a scorpion

Illustrated notes

Levels and vault maps discovered:
D:1:      nzn_arrival_water_spiral, layout_basic
D:2:      minmay_diamond_boxcup, layout_basic, chequers_serial_rivers_micro_a
D:3:      layout_loops_ring, nicolae_overflow_hallway_of_the_gods,
          kennysheep_generic_room_11
D:4:      layout_loops_ring, nicolae_shop_overcharged_wands, uniq_eustachio
D:5:      layout_gridville, minmay_door_square, nicolae_shop_i_like_big_books,
          uniq_grinder, uniq_duvessa

Skill      XL: |  1  2  3  4  5  6 |
---------------+-------------------+-----
Armour         | 2 3 |  3.4
Maces & Flails | 3 4 5 |  5.2
Dodging        | 2 3 |  3.5
Fighting       | 4 |  4.5

Action                     |  1- 3 |  4- 6 |  7- 9 || total
---------------------------+-------+-------+-------++-------
  Melee: Mace              |   140 |   189 |       ||   329
         Whip              |       |   102 |    83 ||   185
         Punch             |       |     1 |       ||     1
 Invoke: Berserk           |       |     5 |       ||     5
         Trog's Hand       |       |     1 |     1 ||     2
    Use: Potion            |       |     1 |       ||     1
   Stab: Sleeping          |     1 |       |       ||     1
 Armour: Animal skin       |    26 |       |       ||    26
         Chain mail        |    40 |   197 |    39 ||   276
  Dodge: Dodged            |   105 |   144 |    43 ||   292
  Block: Other             |       |    38 |    16 ||    54
